 Dungeon Crawl Stone Soup version 0.27.0-1-g7a089689b8 (webtiles) character file.

Game seed: 15794722409556843430

2 Spectrina the Ducker (level 1, -2/13 HPs)
             Began as a Deep Elf Monk on Aug 12, 2021.
             Slain by Grinder (4 damage)
             ... on level 5 of the Dungeon.
             The game lasted 00:01:37 (239 turns).

Spectrina the Ducker (Deep Elf Monk)                 Turns: 239, Time: 00:01:37

Health: -2/13      AC:  2    Str:  8    XL:     1   Next: 33%
Magic:  0/3        EV: 13    Int: 14    God:
Gold:   16         SH:  0    Dex: 17    Spells: 0/0 levels left

rFire    . . .     SeeInvis .   j - +0 falchion
rCold    . . .     Faith    .   (no shield)
rNeg     . . .     Spirit   +   b - +0 robe
rPois    .         Reflect  .   (no helmet)
rElec    .         Harm     .   (no cloak)
rCorr    .         Rampage  .   (no gloves)
Will     .....                  (no boots)
Stlth    ++........             c - amulet of guardian spirit
HPRegen  0.04/turn              (no ring)
MPRegen  0.08/turn              (no ring)

@: no status effects
A: no striking features
a: no special abilities


You were on level 5 of the Dungeon.
You visited 1 branch of the dungeon, and saw 5 of its levels.

You collected 16 gold pieces.

Inventory:

Hand Weapons
 a - a +0 short sword
 h - a +0 dagger
 j - a +0 falchion (weapon)
Missiles
 d - 20 sling bullets
 g - 16 stones (quivered)
Armour
 b - a +0 robe (worn)
Magical Staves
 f - a staff of air
Jewellery
 c - an amulet of guardian spirit (around neck)
Scrolls
 i - a scroll of identify


   Skills:
 - Level 2.4 Fighting
 - Level 3.0 Short Blades
 - Level 3.6 Dodging
 + Level 2.8 Stealth


You couldn't memorise any spells.
You didn't know any spells.
Your spell library was empty.

Dungeon Overview and Level Annotations

Branches:
Dungeon (5/15)
 Temple: D:4-7

Altars:

Annotations:
D:5 Grinder


Message History

i - 2 scrolls labelled JEKAEG DAUHE (gained 1)
There is a stone staircase leading down here.
You climb downwards.
You hear the hiss of flowing sand.
There is an entrance to an ossuary on this level.
Hurry and find it before the portal is buried!
Found a scroll labelled SIJUNAS VUSA.
There is a stone staircase leading up here.
Unknown command.
k - a scroll labelled SIJUNAS VUSA Grinder comes into view.
Found a scroll labelled OKHOVAR QYOCVI.
You aren't carrying any potions.
Okay, then.
As you read the scroll labelled SIJUNAS VUSA, it crumbles to dust.
It is a scroll of amnesia.
You feel forgetful for a moment.
As you read the scroll labelled ECZORCH XIRUYM, it crumbles to dust.
The creatures around you are filled with an inner flame!
It was a scroll of immolation.
As you read the scroll labelled JEKAEG DAUHE, it crumbles to dust.
It is a scroll of identify.
You don't have any unidentified items.
Grinder says, "Tell me all your secrets, or I'll kill you."
You hit Grinder.
Flame seeps out of Grinder.
Grinder is lightly wounded.
Grinder is engulfed in blazing flames.
Flame seeps out of Grinder.
Grinder misses you.
Grinder is engulfed in blazing flames.
Flame seeps out of Grinder.
You barely miss Grinder.
Grinder is heavily wounded.
Grinder hits you but does no damage.
You closely miss Grinder.
Grinder is heavily wounded.
Grinder gestures at you. Pain shoots through your body!
j - a +0 falchion (weapon)
Grinder hits you.
* * * LOW HITPOINT WARNING * * *
You writhe in agony.
You die...

#####################
#..5@................
#.###################
... #.#.5 # ... ...?
#.... ##...


You could see Grinder (inner flame).

Vanquished Creatures
  An endoplasm (D:4)
  A goblin (D:4)
2 creatures vanquished.

Notes
Turn   | Place    | Note
-------+----------+-------------------------------------------
     0 | D:1      | Spectrina the Deep Elf Monk began the quest for the Orb.
     0 | D:1      | Reached XP level 1. HP: 13/13 MP: 3/3
   208 | D:5      | Entered Level 5 of the Dungeon
   228 | D:5      | Noticed Grinder
   239 | D:5      | Slain by Grinder

Illustrated notes

Levels and vault maps discovered:
D:1:      shiori_arrival_maze, layout_basic
D:2:      layout_basic, minmay_quantized
D:3:      layout_basic, grunt_qazlal_clouds, shapermc_ecumenical_altar_pompeii
D:4:      layout_layer_cave, palyth_temple_overflow_mages,
          cheibrodos_ashenzari_chains, worldfamousw_hep_ancestral_shrine,
          minmay_temple_entry_offerings, kennysheep_cluttered_room
D:5:      layout_basic, gammafunk_temple_overflow_wave, enter_ossuary_1,
          uniq_grinder, uniq_duvessa, uniq_eustachio

Action                   || total
-------------------------++-------
Melee: Short sword       ||     6
Throw: Stone             ||    10
  Use: Scroll            ||     3
Armor: Robe              ||     1
Dodge: Dodged            ||     1
